[Event "Biel Festival Masters Blitz 2024"]
[White "Mishra,Abhimanyu"]
[Black "Shankland,Sam"]
[Site "Biel"]
[Round "10.1"]
[Annotator "TA"]
[Result "1/2-1/2"]
[Date "2024.07.21"]
[WhiteElo "2627"]
[BlackElo "2683"]
[PlyCount "147"]
[TimeControl "180+2"]

1. e4 c5 2. Nf3 d6 3. d4 cxd4 4. Nxd4 Nf6 5. Nc3 Nc6 6. Bg5 Bd7 7. Qd2 Rc8 8. O-O-O Nxd4 9. Qxd4 Qa5 10. f4 h6 11. Bxf6 gxf6 12. Kb1 Qc5 13. Qd3 h5 14. f5 Bh6 15. Qf3 h4 16. Bb5 Bxb5 17. Rd5 Qe3 18. Qxe3 Bxe3 19. Rxb5 b6 20. Nd5 Bd4 21. Rd1 Be5 22. h3 Rg8 23. Rd2 e6 24. Nb4 Rc4 25. Re2 exf5 26. exf5 Rf4 27. a4 Rf1+ 28. Ka2 Rg1 29. a5 R1xg2 30. Rxg2 Rxg2 31. axb6 axb6 32. Rxb6 Rh2 33. Nd5 Rxc2 34. Rb8+ Kd7 35. Rb7+ Kc8 36. Rxf7 Rxb2+ 37. Ka3 Rf2 38. Kb4 Kd8 (38... Rxf5 $2 39. Ne7+ Kd7 40. Nxf5+ $18 )39. Rf8+ Kd7 40. Nxf6+ (40. Rg8 $1 $15 )Ke7 $17 41. Nh7 Bg7 (41... Rf4+ $1 $17 42. Kb3 d5 )42. f6+ $2 (42. Rc8 $11 Rf4+ (42... Rxf5 43. Rc7+ Ke6 44. Rxg7 $11 )43. Kb3 )Bxf6 43. Kc4 {[%emt 0:0:3] [#]} Rc2+ (43... Rf5 $1 $19 {[%cal Rf5c5] und Schwarz behält klar die Oberhand. ...Rc5+ wäre nun fies.} 44. Kd3 Ke6 45. Nxf6 Rxf6 )44. Kd3 {[%emt 0:0:3] [#]} (44. Kd5 $142 )Rc3+ $1 $17 45. Kd2 $2 (45. Ke2 $17 )Be5 $19 46. Rf5 Rxh3 47. Ng5 Rg3 48. Nf3 h3 49. Nxe5 Ke6 $1 ({Lieber nicht} 49... dxe5 50. Rxe5+ Kf7 51. Rh5 $11 )50. Rf3 h2 $2 (50... Rg2+ 51. Ke3 h2 (51... Kxe5 52. Rxh3 Rg5 53. Kd2 $11 ))51. Rxg3 $19 h1=Q ({Schwächer ist} 51... h1=R 52. Nd3 $16 )52. Nf3 Kf5 53. Nd4+ Kf4 54. Ne2+ Ke5 55. Re3+ Kd5 56. Rd3+ Kc6 57. Rc3+ Kd7 58. Rc4 Qh2 59. Rd4 Qe5 60. Rf4 d5 61. Rd4 Kd6 62. Rf4 Kc5 63. Kd1 Qe3 64. Ke1 Kd6 65. Kf1 Ke5 66. Ra4 Qd2 67. Rg4 Qc2 68. Rh4 Qf5+ 69. Ke1 Qb1+ 70. Kf2 Qb6+ 71. Ke1 Qf6 72. Ra4 Qf3 73. Rb4 Qe3 74. Ra4 1/2-1/2

[Event "Biel Festival Masters Blitz 2024"]
[White "Le,Quang Liem"]
[Black "Praggnanandhaa R"]
[Site "Biel"]
[Round "10.2"]
[Annotator "TA"]
[Result "1/2-1/2"]
[Date "2024.07.21"]
[WhiteElo "2731"]
[BlackElo "2747"]
[PlyCount "77"]
[TimeControl "180+2"]

1. c4 Nf6 2. Nf3 e6 3. d4 Bb4+ 4. Bd2 Qe7 5. g3 Bxd2+ 6. Qxd2 Nc6 7. b3 d5 8. Bg2 O-O {[%emt 0:0:3] White has an edge.} 9. O-O dxc4 10. bxc4 e5 11. d5 Nb8 12. Qc3 Re8 13. Qa3 Qxa3 14. Nxa3 Na6 15. Rfd1 Bd7 16. Nd2 Ba4 17. Nb3 Nd7 18. Nb5 g6 19. Rac1 (19. Rab1 $16 )Rec8 (19... e4 $11 )20. Rd2 {[%emt 0:0:12] White is more active.} (20. Nc3 $16 Bxb3 21. axb3 )Nac5 21. Nxc5 Nxc5 22. d6 cxd6 23. Nxd6 Rc7 24. Rb2 Bc6 25. Nb5 Rd7 26. Bd5 Na4 27. Rb4 Nb6 28. Bxc6 bxc6 29. Nc3 Rad8 30. c5 Nd5 31. Ra4 Nf6 32. Ra6 Rc7 33. f3 Rd4 34. Ra4 {[%emt 0:0:4] Wards off Rc4} Kg7 35. Kf2 {[%emt 0:0:2] The position is equal.} Rcd7 36. Ra6 Rc7 37. Ra4 {[%emt 0:0:1] Prevents Rc4.} Rcd7 38. Ra6 Rc7 39. Ra4 {[%emt 0:0:13] Wards off Rc4.   Weighted Error Value: White=0.12 (very precise) /Black=0.11 (very precise) .  Mistake:       	White=2     	Black=1      Inaccurate:     	White=2     	Black=4      OK:         	White=19    	Black=12} 1/2-1/2

[Event "Biel Festival Masters Blitz 2024"]
[White "Keymer,Vincent"]
[Black "Martirosyan,Haik M."]
[Site "Biel"]
[Round "10.3"]
[Annotator "TA"]
[Result "1/2-1/2"]
[Date "2024.07.21"]
[WhiteElo "2721"]
[BlackElo "2662"]
[PlyCount "41"]
[TimeControl "180+2"]

1. d4 Nf6 2. c4 e6 3. Nc3 Bb4 4. f3 d5 5. a3 Bxc3+ 6. bxc3 c5 7. cxd5 Nxd5 8. dxc5 Qa5 9. e4 Ne7 ({Don't play} 9... Nxc3 10. Qd2 Nc6 11. Bb2 $16 )10. Be3 O-O 11. h4 Rd8 12. Qb3 Qc7 13. h5 h6 14. Bb5 Nd7 15. Bxd7 Bxd7 16. Ne2 Nc6 {[%emt 0:0:1][%mdl 1024] Black has compensation.} 17. Nf4 Na5 18. Qb4 Nc6 19. Qb3 Na5 20. Qb4 Nc6 21. Qb3 {[%emt 0:0:14] A rather calm draw.   Weighted Error Value: White=0.07 (flawless) /Black=0.10 (very precise) .  Inaccurate:     	White=1     	---        OK:         	White=6     	Black=3} 1/2-1/2